[Event "Titled Tuesday Blitz August 22 Early 2023"]
[White "Liu, Casper"]
[Black "Hoffmann, Asa"]
[WhiteFideId "1454153"]
[BlackFideId "2001470"]
[WhiteElo "2453"]
[BlackElo "2285"]
[Result "1-0"]
[Round "8"]
[TimeControl "180+1"]
[Date "2023.08.22"]
[WhiteClock "0:00:07"]
[BlackClock "0:00:08"]
[Board "150"]

1. e4 d6 2. Qe2 c5 3. Nf3 Nc6 4. c3 g6 5. g3 Bg7 6. Bg2 e5 7. O-O Nge7 8. d3 h6 9. Nbd2 Be6 10. Nc4 O-O 11. a4 Qd7 12. Ne3 f5 13. exf5 gxf5 14. Nh4 f4 15. Nc4 Bf6 16. Qh5 Kg7 17. h3 Bf7 18. Qg4+ Qxg4 19. hxg4 Bxc4 20. dxc4 Bxh4 21. gxh4 Na5 22. Rd1 Rad8 23. b4 Nb3 24. Rb1 Nxc1 25. Rdxc1 b6 26. Be4 f3 27. Kh2 Rf4 28. Bb7 Rxg4 29. Rg1 h5 30. Bxf3 Rxg1 31. Rxg1+ Kf6 32. Bxh5 Rh8 33. Rg5 Nf5 34. Kh3 Rh6 35. Kg4 Ng7 36. a5 e4 37. Rd5 Rxh5 38. Rxh5 Nxh5 39. Kxh5 Ke5 40. Kg5 d5 41. cxd5 Kxd5 42. h5 Kc4 43. h6 Kxc3 44. h7 cxb4 45. h8=Q+ Kc2 46. Kf4 b3 47. Qc8+ Kd3 48. Qd7+ Kc2 49. Qc6+ Kd3 50. Qd5+ Kc3 51. Qe5+ Kc2 52. Qc7+ Kd3 53. axb6 axb6 54. Qxb6 Kc2 55. Qc5+ Kd3 56. Qd6+ Kc2 57. Kxe4 b2 58. Qd3+ Kc1 59. f4 b1=Q 60. Qxb1+ Kxb1 61. f5 1-0


[Site "https://www.chess.com"]

[Event "Titled Tuesday Blitz August 22 Early 2023"]
[White "Ljukin, Sergei"]
[Black "AndresDelgado77"]
[WhiteFideId "14102200"]
[WhiteElo "2451"]
[BlackElo "2253"]
[Result "1-0"]
[Round "8"]
[TimeControl "180+1"]
[Date "2023.08.22"]
[WhiteClock "0:00:09"]
[BlackClock "0:00:00"]
[Board "151"]

1. e4 e6 2. d4 d5 3. Nc3 Nf6 4. Bg5 Bb4 5. e5 h6 6. Bd2 Bxc3 7. bxc3 Ne4 8. Qg4 Kf8 9. Bd3 Nxd2 10. Kxd2 c5 11. Nf3 c4 12. Be2 Nc6 13. h4 b5 14. a3 Bd7 15. h5 a5 16. Nh4 b4 17. axb4 axb4 18. cxb4 c3+ 19. Kxc3 Rc8 20. Kd2 Qb6 21. c3 Nxb4 22. Rhb1 Qc7 23. Qf3 Nc6 24. Ng6+ Kg8 25. Nxh8 Kxh8 26. Ke1 Ne7 27. Ra3 Be8 28. Bd3 Rb8 29. Qd1 Nf5 30. Rxb8 Qxb8 31. Qb3 Qd8 32. Kf1 Kh7 33. g4 Qh4 34. gxf5 Qh1+ 35. Ke2 exf5 36. Bxf5+ g6 37. hxg6+ fxg6 38. Ra7+ Kh8 39. Bd3 1-0


[Site "https://www.chess.com"]

[Event "Titled Tuesday Blitz August 22 Early 2023"]
[White "Sailer, Mike"]
[Black "Melnichuk, Mikhail"]
[WhiteFideId "2012901"]
[BlackFideId "14117533"]
[WhiteElo "2240"]
[BlackElo "2450"]
[Result "0-1"]
[Round "8"]
[TimeControl "180+1"]
[Date "2023.08.22"]
[WhiteClock "0:00:01"]
[BlackClock "0:00:18"]
[Board "152"]

1. e4 c5 2. b3 Nc6 3. Bb2 e6 4. f4 b6 5. Nf3 Bb7 6. Bb5 Nf6 7. Nc3 Be7 8. O-O a6 9. Bxc6 Bxc6 10. d3 d5 11. e5 Nd7 12. d4 Qc7 13. Ne2 c4 14. c3 a5 15. bxc4 dxc4 16. f5 O-O-O 17. fxe6 fxe6 18. Nf4 Nf8 19. Qe2 g5 20. Nh5 Bd5 21. Nd2 Ng6 22. Rf7 Rdf8 23. Raf1 Qc6 24. Rxf8+ Rxf8 25. Rxf8+ Nxf8 26. Nf6 b5 27. Nf3 Bxf3 28. gxf3 Ng6 29. Bc1 h6 30. Ne4 Nh4 31. Kf2 Kb7 32. Kg3 Nf5+ 33. Kg4 b4 34. cxb4 axb4 35. Nc5+ Bxc5 36. dxc5 Qxc5 37. Qe4+ Qc6 38. Qe2 Nd4 39. Qe3 Nf5 40. Qe2 Qd5 41. Be3 Qxe5 42. Qxc4 Nxe3+ 0-1


[Site "https://www.chess.com"]

[Event "Titled Tuesday Blitz August 22 Early 2023"]
[White "Kriti Mayur Patel"]
[Black "MateoReyes"]
[WhiteFideId "35061780"]
[WhiteElo "2107"]
[BlackElo "2430"]
[Result "1-0"]
[Round "8"]
[TimeControl "180+1"]
[Date "2023.08.22"]
[WhiteClock "0:00:21"]
[BlackClock "0:00:37"]
[Board "153"]

1. e4 c5 2. d4 cxd4 3. c3 d3 4. Bxd3 Nc6 5. Nf3 d6 6. c4 Nf6 7. Nc3 e6 8. O-O Be7 9. Qe2 O-O 10. Rd1 Qc7 11. h3 a6 12. Bf4 b6 13. Rac1 Ne5 14. Nxe5 dxe5 15. Be3 Bc5 16. Na4 Bxe3 17. Qxe3 Rb8 18. c5 b5 19. Nb6 Bb7 20. a4 Bc6 21. a5 Rbd8 22. Bb1 Rxd1+ 23. Rxd1 Rd8 24. Rxd8+ Qxd8 25. Bc2 h6 26. Kh2 Nh5 27. Qd3 Qf6 28. Bd1 Nf4 29. Qe3 Qg6 30. Bf3 Qf6 31. Qd2 Qg6 32. Qd8+ Kh7 33. Nc8 Bxe4 34. Ne7 h5 35. Qg8+ Kh6 36. Nxg6 Bxg6 37. Qh8+ Kg5 38. Qxg7 e4 39. h4+ Kxh4 40. Bd1 Kg5 41. Qe5+ f5 42. g3 Nd5 43. Qxe6 Nb4 44. c6 Nd3 45. c7 Nxf2 46. c8=Q h4 47. Qd8+ 1-0


[Site "https://www.chess.com"]

[Event "Titled Tuesday Blitz August 22 Early 2023"]
[White "Veinberg, Nimrod"]
[Black "Albertini, Luca"]
[WhiteFideId "2810280"]
[BlackFideId "847038"]
[WhiteElo "2691"]
[BlackElo "2343"]
[Result "1/2-1/2"]
[Round "8"]
[TimeControl "180+1"]
[Date "2023.08.22"]
[WhiteClock "0:00:04"]
[BlackClock "0:00:24"]
[Board "154"]

1. e4 e5 2. Nf3 Nc6 3. Bb5 a6 4. Ba4 Nf6 5. O-O b5 6. Bb3 Be7 7. Re1 O-O 8. h3 d6 9. c3 Na5 10. Bc2 c5 11. d4 cxd4 12. cxd4 exd4 13. Nxd4 Qc7 14. Nc3 Bb7 15. a3 Rac8 16. Nf5 Rfe8 17. Qf3 Bf8 18. Bg5 Nd7 19. Qg3 Ne5 20. Rad1 Ng6 21. h4 h6 22. Bxh6 gxh6 23. h5 d5 24. e5 Re6 25. Nd4 Rxe5 26. hxg6 Rg5 27. gxf7+ Qxf7 28. Qh3 Rc4 29. Ne6 Rcg4 30. Nxg5 Rxg5 31. Rd3 d4 32. Ne4 Rg7 33. Rg3 Nc4 34. Rxg7+ Bxg7 35. Bb3 Kh8 36. Nd2 Bd5 37. Nxc4 bxc4 38. Bd1 d3 39. Bh5 Qf6 40. Qc8+ Bg8 41. Re8 Kh7 42. Rxg8 d2 43. Qxc4 Qxb2 44. Bd1 Qc1 45. Qc2+ Qxc2 46. Bxc2+ Kxg8 47. Kf1 Bb2 48. a4 Bc3 49. Ke2 a5 50. Bb3+ Kg7 51. g4 Kf6 52. f4 Bb4 53. Kf3 Bd6 54. Ke4 Bb4 55. Bd1 Bd6 56. Be2 Bb4 57. Kd5 Ba3 58. Bd1 Bb4 59. Kd4 Ke6 60. Ke4 Kf6 61. Bb3 Bc3 62. Ke3 Bb4 63. Kd3 Ke7 64. Ke4 Kf6 65. Bd1 Kg6 66. Kf3 Bd6 67. Kg3 Bb4 68. Kh4 Bd6 69. Kg3 Kf6 70. Kf3 Bc5 71. Ke4 Bb4 72. Ke3 Ke6 73. Bb3+ Kd6 74. Kd3 Ke7 75. Ke4 Kf6 1/2-1/2


[Site "https://www.chess.com"]

[Event "Titled Tuesday Blitz August 22 Early 2023"]
[White "Carre, Sylvain"]
[Black "Shuvalova, Polina"]
[WhiteFideId "642118"]
[BlackFideId "24171760"]
[WhiteElo "2344"]
[BlackElo "2616"]
[Result "1/2-1/2"]
[Round "8"]
[TimeControl "180+1"]
[Date "2023.08.22"]
[WhiteClock "0:00:08"]
[BlackClock "0:00:40"]
[Board "155"]

1. d4 Nf6 2. Bf4 d5 3. e3 c5 4. c3 Nc6 5. Nd2 Bf5 6. Ngf3 e6 7. Qb3 Qb6 8. h3 h6 9. g4 Bh7 10. Bg2 c4 11. Qxb6 axb6 12. a3 b5 13. Rc1 Ne4 14. Nxe4 Bxe4 15. O-O f6 16. Nd2 Bxg2 17. Kxg2 Kd7 18. Bg3 Bd6 19. e4 h5 20. Rh1 Rh7 21. exd5 exd5 22. Nf1 Rah8 23. Bxd6 Kxd6 24. Ne3 g6 25. f4 Nd8 26. f5 g5 27. gxh5 Rxh5 28. Ng4 Rh4 29. Rce1 R4h7 30. Re3 Re7 31. Rhe1 Rxe3 32. Rxe3 Rf8 33. Kg3 Kd7 34. Re2 Rf7 35. Re1 Rf8 36. Re2 Rf7 37. Rh2 Nc6 38. h4 Ne7 39. Nh6 Rh7 40. hxg5 fxg5 41. Kg4 Ng8 42. Kxg5 Rg7+ 43. Kf4 Nf6 44. Rh4 Kd6 45. Ng4 Ne4 46. Rh6+ Kd7 47. Rg6 Rh7 48. Nf6+ Nxf6 49. Rxf6 Rh2 50. Ke5 Rxb2 51. Kxd5 Ke7 52. Rb6 Rb3 53. Rxb7+ Kf6 54. Kc5 Rxa3 55. Rxb5 Rxc3 56. Rb4 Kxf5 57. Rxc4 Ra3 58. Rb4 Ke6 59. Rb6+ Kd7 60. Kd5 Ra5+ 61. Ke4 Rh5 62. Rg6 Rh4+ 63. Kd5 Rh5+ 64. Kc4 Rf5 65. d5 Rf1 66. Kc5 Rc1+ 67. Kd4 Rd1+ 68. Kc5 Rc1+ 69. Kd4 Rd1+ 70. Kc5 Rc1+ 1/2-1/2


[Site "https://www.chess.com"]

[Event "Titled Tuesday Blitz August 22 Early 2023"]
[White "Hajiyev, Kanan"]
[Black "Hrescak, Ivana"]
[WhiteFideId "13404148"]
[BlackFideId "14613441"]
[WhiteElo "2494"]
[BlackElo "2293"]
[Result "0-1"]
[Round "8"]
[TimeControl "180+1"]
[Date "2023.08.22"]
[WhiteClock "0:01:34"]
[BlackClock "0:00:12"]
[Board "156"]

1. d4 d5 2. c4 c6 3. cxd5 cxd5 4. Nc3 Nf6 5. Nf3 Nc6 6. Bg5 e6 7. e3 h6 8. Bh4 Be7 9. Bd3 O-O 10. O-O a6 11. Rc1 Bd7 12. Na4 Rc8 13. Nc5 Rc7 14. Qd2 Ne8 15. b4 Bxh4 16. a4 Be7 17. b5 axb5 18. axb5 Nb8 19. b6 Rc8 20. Qa5 Bxc5 21. dxc5 Nc6 22. Qc3 Qf6 23. Qc2 e5 24. Bb5 Bg4 25. Nd2 Qg5 26. Rfe1 Bh3 27. Bf1 Bf5 28. Qa2 Nf6 29. Nf3 Qg4 30. Qb2 e4 31. h3 Qh5 32. Nd2 Qg6 33. Kh2 Be6 34. Ra1 Qf5 35. Kg1 Qe5 36. Qc2 Rfd8 37. Rec1 h5 38. Nb3 Qg5 39. Kh2 Qe5+ 40. Kg1 d4 41. exd4 Nxd4 42. Nxd4 Rxd4 43. Qb2 Rd5 44. Qb5 Rdxc5 45. Rxc5 Qxc5 46. Qb2 Qc3 47. Qb1 e3 48. fxe3 Qxe3+ 49. Kh1 Ne4 50. Ra7 Ng3+ 51. Kh2 Nxf1+ 52. Qxf1 Qe5+ 53. Kh1 Qe3 54. Rxb7 Rc1 55. Rb8+ Kh7 0-1


[Site "https://www.chess.com"]

[Event "Titled Tuesday Blitz August 22 Early 2023"]
[White "Zampronha, Wladimir Camilo"]
[Black "Tsyhanchuk, Stanislav"]
[WhiteFideId "2103087"]
[BlackFideId "13505130"]
[WhiteElo "2281"]
[BlackElo "2467"]
[Result "1-0"]
[Round "8"]
[TimeControl "180+1"]
[Date "2023.08.22"]
[WhiteClock "0:00:13"]
[BlackClock "0:00:05"]
[Board "157"]

1. e4 c5 2. Nf3 d6 3. d4 cxd4 4. Nxd4 Nf6 5. Nc3 a6 6. Bg5 e6 7. f4 Qb6 8. Qd2 Qxb2 9. Rb1 Qa3 10. Bc4 Nc6 11. Nxc6 bxc6 12. e5 dxe5 13. Bxf6 gxf6 14. Ne4 Be7 15. fxe5 fxe5 16. Rb3 Qa4 17. Qe2 Qxa2 18. O-O Qa5 19. Rxf7 Bc5+ 20. Nxc5 Qxc5+ 21. Rf2 Rf8 22. Rf3 Rf4 23. Rxf4 exf4 24. Bxe6 Qe3 25. Qh5+ Ke7 26. Bxc8 Rxc8 27. Qxh7+ Kd6 28. h3 Rb8 29. Qg6+ Kc7 30. Qf7+ Kc8 31. Qxf4 Rb1+ 32. Kh2 Qxf4+ 33. Rxf4 a5 34. h4 Rb4 35. Rxb4 axb4 36. h5 c5 37. h6 c4 38. h7 b3 39. h8=Q+ Kc7 40. Qc3 Kb6 41. Qxc4 bxc2 42. Qxc2 1-0


[Site "https://www.chess.com"]

[Event "Titled Tuesday Blitz August 22 Early 2023"]
[White "Zaichenko, Daria"]
[Black "Pein, Jonathan"]
[WhiteFideId "4197453"]
[BlackFideId "417092"]
[WhiteElo "2267"]
[BlackElo "2413"]
[Result "0-1"]
[Round "8"]
[TimeControl "180+1"]
[Date "2023.08.22"]
[WhiteClock "0:00:22"]
[BlackClock "0:00:07"]
[Board "158"]

1. e4 e5 2. Nf3 d6 3. d4 exd4 4. Nxd4 Nf6 5. Nc3 g6 6. Bc4 Bg7 7. O-O O-O 8. h3 Nc6 9. Nxc6 bxc6 10. f4 Re8 11. Bd3 Rb8 12. Rb1 Nd7 13. Be3 c5 14. Qf3 Bb7 15. Nd5 Bxd5 16. f5 Ne5 17. Qg3 Bc6 18. fxg6 hxg6 19. Bg5 Qd7 20. Rf4 Nxd3 21. cxd3 Rxb2 22. Rbf1 f5 23. Qh4 Rxa2 24. R4f3 c4 25. Rg3 cxd3 26. exf5 Ree2 27. Qc4+ Kh8 28. Qh4+ Kg8 29. Qc4+ d5 30. Qb3 Rab2 31. Qxd3 d4 32. Rff3 Bxf3 33. Qxf3 Qxf5 34. Qa8+ Bf8 35. Bh6 Re1+ 36. Kh2 Rbb1 37. Rf3 Qe5+ 38. Bf4 Qe7 39. Bh6 Qd6+ 40. Bf4 Qe7 41. Bh6 Rh1+ 42. Kg3 Qd6+ 43. Bf4 Qe7 44. Bh6 Rhf1 45. Bxf8 Rxf3+ 46. Kxf3 Qxf8+ 47. Qxf8+ Kxf8 48. Ke4 c5 49. Kd3 Rc1 50. g4 Rc3+ 51. Kd2 a5 52. h4 a4 53. h5 a3 54. h6 Rh3 55. g5 a2 56. Kc2 c4 0-1


[Site "https://www.chess.com"]

[Event "Titled Tuesday Blitz August 22 Early 2023"]
[White "Kaminski, Victor"]
[Black "SergioMoralesG"]
[WhiteFideId "1131630"]
[WhiteElo "2266"]
[BlackElo "2407"]
[Result "1/2-1/2"]
[Round "8"]
[TimeControl "180+1"]
[Date "2023.08.22"]
[WhiteClock "0:00:08"]
[BlackClock "0:00:05"]
[Board "159"]

1. e4 c5 2. Nf3 e6 3. d4 cxd4 4. Nxd4 Nc6 5. Nc3 Qc7 6. g4 a6 7. h4 b5 8. a3 Bb7 9. Rh3 Nge7 10. Be3 Ne5 11. Rg3 N7c6 12. Qd2 Na5 13. f4 Nec4 14. Bxc4 Nxc4 15. Qc1 b4 16. axb4 Bxb4 17. Kf2 Nxb2 18. Ncb5 axb5 19. Rxa8+ Bxa8 20. Qxb2 Bc3 21. Nxb5 Bxb2 22. Nxc7+ Ke7 23. Nxa8 Rxa8 24. Bd2 Ra2 25. Bb4+ Kd8 26. Ke1 Bf6 27. g5 Be7 28. Bxe7+ Kxe7 29. Rc3 f6 30. Kd2 fxg5 31. hxg5 Kf7 32. Ke3 h6 33. Rd3 Ke7 34. gxh6 gxh6 35. c3 Rh2 36. Kd4 Rf2 37. Ke5 Rh2 38. f5 exf5 39. exf5 Re2+ 40. Kf4 d6 41. Rg3 Kf7 42. Rg6 Rf2+ 43. Ke4 Rc2 44. Kd3 Rh2 45. Rxd6 h5 46. Rh6 h4 47. Kc4 h3 48. Kc5 Rf2 49. Rxh3 Rxf5+ 50. Kb4 Ke7 51. Rd3 Rf6 52. c4 Rd6 53. Rxd6 Kxd6 54. Kb5 Kd7 55. Kc5 Kc7 56. Kd5 Kd7 57. c5 Kc7 58. c6 Kc8 59. Kd6 Kd8 60. c7+ Kc8 61. Kc6 1/2-1/2


[Site "https://www.chess.com"]

[Event "Titled Tuesday Blitz August 22 Early 2023"]
[White "Fernandez Hernandez, Gerardo"]
[Black "Melikhov, Evgeny V."]
[WhiteFideId "2207400"]
[BlackFideId "4122046"]
[WhiteElo "2261"]
[BlackElo "2405"]
[Result "1-0"]
[Round "8"]
[TimeControl "180+1"]
[Date "2023.08.22"]
[WhiteClock "0:00:10"]
[BlackClock "0:00:23"]
[Board "160"]

1. e4 c5 2. Nc3 Nc6 3. f4 g6 4. Nf3 Bg7 5. a3 e6 6. b4 cxb4 7. axb4 Nxb4 8. Ba3 Nc6 9. Nb5 Nge7 10. Bd6 O-O 11. Bc7 Bxa1 12. Qxa1 d5 13. Bxd8 Rxd8 14. e5 Bd7 15. Nd6 b6 16. c3 Na5 17. Ba6 Nc8 18. Bxc8 Bxc8 19. O-O Ba6 20. Rb1 Bd3 21. Rb4 Rd7 22. Ne1 Ba6 23. Qd1 Rc7 24. Qf3 Nc4 25. Nxc4 Bxc4 26. Nc2 Rb8 27. Na3 Ba6 28. f5 exf5 29. Qxd5 Bb7 30. Qd6 Rbc8 31. e6 fxe6 32. Qxe6+ Kg7 33. Rd4 Rf7 34. Nb5 Rcf8 35. Rd7 Bc8 36. Rxf7+ Rxf7 37. Qe5+ Kh6 38. Nd6 Rc7 39. Nxf5+ Bxf5 40. Qxc7 b5 41. Qxa7 Bd3 42. Qc5 Bc4 43. Qd4 Kg5 44. d3 Be6 45. Qe5+ Bf5 46. Qxb5 Kf4 47. d4 Bd3 48. Qxd3 g5 49. d5 Ke5 50. d6 h5 51. d7 h4 52. d8=Q h3 53. Qe7+ Kf4 54. Qf3# 1-0


[Site "https://www.chess.com"]

[Event "Titled Tuesday Blitz August 22 Early 2023"]
[White "ZeGood_ZeBad_ZeUgly"]
[Black "Efremov, Vladislav"]
[BlackFideId "44159935"]
[WhiteElo "2258"]
[BlackElo "2377"]
[Result "0-1"]
[Round "8"]
[TimeControl "180+1"]
[Date "2023.08.22"]
[WhiteClock "0:00:00"]
[BlackClock "0:00:19"]
[Board "161"]

1. d4 Nf6 2. c4 g6 3. f3 Bg7 4. e4 d6 5. Nc3 O-O 6. Nge2 a6 7. Be3 c6 8. a4 a5 9. g4 Na6 10. g5 Nd7 11. Ng3 e5 12. h4 Nb4 13. d5 cxd5 14. exd5 f5 15. gxf6 Qxf6 16. Be2 h6 17. Nce4 Qe7 18. h5 g5 19. Qd2 Nf6 20. O-O-O Bd7 21. Nxf6+ Bxf6 22. b3 Rac8 23. Ne4 Bf5 24. Kb2 Qh7 25. Nxd6 Rcd8 26. Nxf5 Qxf5 27. Kc1 e4 28. fxe4 Qxe4 29. Rhe1 Rfe8 30. Bd4 Bxd4 31. Qxd4 Qe3+ 32. Qxe3 Rxe3 33. Bg4 Rxb3 34. Re7 Rc3+ 35. Kb2 Rxc4 0-1


[Site "https://www.chess.com"]

[Event "Titled Tuesday Blitz August 22 Early 2023"]
[White "Ziatdinov, Raset"]
[Black "Clawitter, Craig"]
[WhiteFideId "2015323"]
[BlackFideId "2023105"]
[WhiteElo "2357"]
[BlackElo "2229"]
[Result "1-0"]
[Round "8"]
[TimeControl "180+1"]
[Date "2023.08.22"]
[WhiteClock "0:01:01"]
[BlackClock "0:00:31"]
[Board "162"]

1. d4 e6 2. c4 Nf6 3. g3 d5 4. Nf3 Be7 5. Bg2 O-O 6. O-O dxc4 7. Qc2 a6 8. a4 Bd7 9. Rd1 Bc6 10. Nc3 Bxf3 11. Bxf3 Nc6 12. Bxc6 bxc6 13. a5 Qb8 14. Ra4 c5 15. Rxc4 cxd4 16. Rcxd4 Bb4 17. Bg5 Bxa5 18. Bxf6 gxf6 19. Rh4 f5 20. Qd2 Rd8 21. Qg5+ Kf8 22. Rxh7 Rxd1+ 23. Nxd1 Ke8 24. Rh8+ Kd7 25. Rxb8 Rxb8 26. Qf6 1-0


[Site "https://www.chess.com"]

[Event "Titled Tuesday Blitz August 22 Early 2023"]
[White "Pavlidou, Ekaterini"]
[Black "Tharushi, T H D Niklesha"]
[WhiteFideId "4213262"]
[BlackFideId "9918264"]
[WhiteElo "2356"]
[BlackElo "2195"]
[Result "1-0"]
[Round "8"]
[TimeControl "180+1"]
[Date "2023.08.22"]
[WhiteClock "0:01:21"]
[BlackClock "0:00:47"]
[Board "163"]

1. d4 Nf6 2. c4 e6 3. Nc3 Bb4 4. e3 b6 5. Bd2 Bb7 6. Nf3 O-O 7. Bd3 d6 8. a3 Bxc3 9. Bxc3 Nbd7 10. Qc2 Qe7 11. O-O-O e5 12. Nd2 c5 13. d5 a5 14. e4 Ba6 15. Nf1 Rfb8 16. a4 Rf8 17. Ne3 g6 18. g4 Bc8 19. f3 Nb8 20. h4 Na6 21. Qh2 Bd7 22. b3 Nb4 23. h5 Rfb8 24. Be1 b5 25. cxb5 Qf8 26. Bh4 Qh6 27. g5 Qxh5 28. gxf6 h6 29. Bg3 Qxh2 30. Rxh2 h5 31. Nc4 Na2+ 32. Rxa2 1-0


[Site "https://www.chess.com"]

[Event "Titled Tuesday Blitz August 22 Early 2023"]
[White "Petrova, Irina"]
[Black "Semenova, Alina"]
[WhiteFideId "14124122"]
[BlackFideId "24113875"]
[WhiteElo "2355"]
[BlackElo "2080"]
[Result "1-0"]
[Round "8"]
[TimeControl "180+1"]
[Date "2023.08.22"]
[WhiteClock "0:01:54"]
[BlackClock "0:00:28"]
[Board "164"]

1. e4 e6 2. d4 d5 3. Nc3 Bb4 4. Ne2 dxe4 5. a3 Be7 6. g4 Nf6 7. g5 Nd5 8. Nxe4 O-O 9. c4 Nb6 10. N2c3 N8d7 11. Be3 f5 12. gxf6 Nxf6 13. Bd3 Nxe4 14. Nxe4 e5 15. d5 Bf5 16. Qc2 Nd7 17. Rg1 Kh8 18. O-O-O Nf6 19. Ng5 Bxd3 20. Qxd3 e4 21. Nxe4 Nxe4 22. Qxe4 Bf6 23. Bd4 Re8 24. Qg4 Bxd4 25. Qxd4 Qd7 26. h4 Re2 27. h5 h6 28. Rg6 Qa4 29. Qc3 Qd7 30. Rxh6+ Kg8 31. Rg6 Qf7 32. Rdg1 Qf4+ 33. Kb1 Rxb2+ 34. Qxb2 Qe4+ 35. Ka1 1-0


[Site "https://www.chess.com"]

[Event "Titled Tuesday Blitz August 22 Early 2023"]
[White "Martins, Bruno Andre Leite"]
[Black "campochess"]
[WhiteFideId "1942255"]
[WhiteElo "2536"]
[BlackElo "2179"]
[Result "0-1"]
[Round "8"]
[TimeControl "180+1"]
[Date "2023.08.22"]
[WhiteClock "0:01:38"]
[BlackClock "0:01:17"]
[Board "165"]

1. e4 c5 2. Nf3 Nc6 3. d4 cxd4 4. Nxd4 e5 5. Nb5 a6 6. Nd6+ Bxd6 7. Qxd6 Qe7 8. Qd1 Nf6 9. Nc3 h6 10. Be3 O-O 11. Bc4 b5 12. Bb3 Bb7 13. f3 Na5 14. O-O Rfd8 15. Qe2 Nxb3 16. axb3 d5 17. exd5 Nxd5 18. Nxd5 Rxd5 19. Rfd1 Rad8 20. c4 Rxd1+ 21. Rxd1 Rxd1+ 22. Qxd1 bxc4 23. bxc4 Qb4 24. Qe2 f6 25. c5 a5 26. h3 Bd5 27. Qa6 Qe1+ 28. Kh2 Qxe3 29. c6 Qf4+ 30. Kg1 Qc1+ 31. Kh2 Qxc6 32. Qxa5 e4 33. fxe4 Bxe4 34. Qd2 Qd5 35. b4 0-1


[Site "https://www.chess.com"]

[Event "Titled Tuesday Blitz August 22 Early 2023"]
[White "Acikel, Mert"]
[Black "Hnydiuk, Aleksander"]
[WhiteFideId "12956465"]
[BlackFideId "1109057"]
[WhiteElo "2304"]
[BlackElo "2523"]
[Result "1-0"]
[Round "8"]
[TimeControl "180+1"]
[Date "2023.08.22"]
[WhiteClock "0:00:36"]
[BlackClock "0:00:00"]
[Board "166"]

1. e4 g6 2. d4 Bg7 3. Nc3 d6 4. Be3 Nf6 5. Nf3 O-O 6. Be2 a6 7. h3 b5 8. e5 Nfd7 9. exd6 cxd6 10. O-O Bb7 11. a3 Nc6 12. Re1 e5 13. dxe5 Ncxe5 14. Nd5 Rc8 15. c3 Nc4 16. Bg5 f6 17. Ne7+ Kh8 18. Nxc8 fxg5 19. Nxd6 Nxb2 20. Nxb7 Nxd1 21. Nxd8 Nxc3 22. Ne6 Nxe2+ 23. Rxe2 Bxa1 24. Nxf8 Nxf8 25. Re8 Kg7 26. Nxg5 Bb2 27. Ne6+ Nxe6 28. Rxe6 a5 29. Rb6 Bxa3 30. Rxb5 Bb4 31. f4 h5 32. g4 hxg4 33. hxg4 Bd2 34. Kg2 a4 35. Rb2 Bxf4 36. Ra2 Kf6 37. Kf3 Ke5 38. Rxa4 Bd2 39. Rc4 1-0


[Site "https://www.chess.com"]

[Event "Titled Tuesday Blitz August 22 Early 2023"]
[White "Goffredo_Fofi"]
[Black "Blokhin, Sofia"]
[BlackFideId "4508190"]
[WhiteElo "2480"]
[BlackElo "2295"]
[Result "1-0"]
[Round "8"]
[TimeControl "180+1"]
[Date "2023.08.22"]
[WhiteClock "0:00:13"]
[BlackClock "0:00:06"]
[Board "167"]

1. d4 f5 2. g4 fxg4 3. h3 d5 4. Nc3 Nf6 5. Bf4 c6 6. hxg4 Bxg4 7. f3 Bf5 8. Qd2 Na6 9. Bg2 e6 10. e4 Bg6 11. Nge2 Bb4 12. a3 Ba5 13. e5 Nd7 14. b4 Bb6 15. Bg5 Qc8 16. Bh3 Nf8 17. Nf4 Bf5 18. Nh5 Bxh3 19. Rxh3 Qd7 20. O-O-O Nc7 21. Na4 Nb5 22. c3 Bd8 23. Nc5 Bxg5 24. Qxg5 Qe7 25. Nxg7+ Kf7 26. Qh6 b6 27. Nd3 Ng6 28. Nh5 Rag8 29. Kb2 a5 30. Nf6 axb4 31. axb4 Ra8 32. Rg1 Qa7 33. Qxh7+ Rxh7 34. Rxh7+ Kf8 35. Rxa7 Rxa7 36. Rxg6 Rg7 37. Rxg7 Kxg7 38. Nf4 Nc7 39. Ng4 b5 40. Kc2 Kf7 41. Nf2 Ke7 42. N2d3 Kf7 43. Nc5 Ke7 44. Ncxe6 Nxe6 45. Nxe6 Kxe6 46. Kd3 Kf5 47. Ke3 Ke6 48. f4 Kf5 49. Kf3 Ke6 50. Kg4 Kf7 51. f5 Ke7 52. Kg5 Kf7 53. e6+ Ke8 54. f6 Kf8 55. f7 c5 56. Kf6 cxb4 57. e7# 1-0


[Site "https://www.chess.com"]

[Event "Titled Tuesday Blitz August 22 Early 2023"]
[White "Bazilius, Augustinas"]
[Black "Wang, Alexander J"]
[WhiteFideId "12832251"]
[BlackFideId "30955270"]
[WhiteElo "2460"]
[BlackElo "2287"]
[Result "1-0"]
[Round "8"]
[TimeControl "180+1"]
[Date "2023.08.22"]
[WhiteClock "0:01:07"]
[BlackClock "0:00:56"]
[Board "168"]

1. d4 Nf6 2. c4 g6 3. Nf3 Bg7 4. g3 O-O 5. Bg2 d6 6. O-O c5 7. Nc3 Nc6 8. e4 Bg4 9. dxc5 dxc5 10. Be3 Nd4 11. Bxd4 cxd4 12. Qxd4 Qxd4 13. Nxd4 Nxe4 14. Bxe4 Bxd4 15. Rac1 Rab8 16. b3 e6 17. Kg2 Bf5 18. Bf3 a6 19. g4 Bd3 20. Rfd1 Bxc3 21. Rxc3 1-0


[Site "https://www.chess.com"]

[Event "Titled Tuesday Blitz August 22 Early 2023"]
[White "GAO"]
[Black "Derichs, Roger"]
[BlackFideId "4630076"]
[WhiteElo "2285"]
[BlackElo "2431"]
[Result "1/2-1/2"]
[Round "8"]
[TimeControl "180+1"]
[Date "2023.08.22"]
[WhiteClock "0:00:10"]
[BlackClock "0:00:19"]
[Board "169"]

1. e4 d6 2. d4 Nf6 3. Nc3 e5 4. Nf3 Nbd7 5. Bc4 Be7 6. O-O O-O 7. a4 a5 8. Re1 c6 9. h3 Nb6 10. Bb3 exd4 11. Nxd4 Nfd7 12. Nf5 Nc5 13. Nxe7+ Qxe7 14. Bf4 Rd8 15. Qh5 Nxb3 16. cxb3 Be6 17. e5 dxe5 18. Qxe5 Qb4 19. Qg5 f6 20. Qg3 Bf7 21. Re7 Nd5 22. Nxd5 Rxd5 23. Bh6 g6 24. Rae1 Qd6 25. Qxd6 Rxd6 26. Rxb7 Re6 27. Rd1 Be8 28. Rg7+ Kh8 29. Rc7 g5 30. g4 Kg8 31. Rg7+ Kh8 32. Rc7 Kg8 33. Rg7+ Kh8 34. Rb7 Kg8 35. Rg7+ 1/2-1/2


[Site "https://www.chess.com"]

[Event "Titled Tuesday Blitz August 22 Early 2023"]
[White "Ai, Evan"]
[Black "Rosenberg, Evan S"]
[WhiteFideId "2094770"]
[BlackFideId "2019299"]
[WhiteElo "2249"]
[BlackElo "2407"]
[Result "1-0"]
[Round "8"]
[TimeControl "180+1"]
[Date "2023.08.22"]
[WhiteClock "0:00:03"]
[BlackClock "0:00:00"]
[Board "170"]

1. e4 c5 2. Nf3 g6 3. c4 Bg7 4. d4 d6 5. Nc3 Qa5 6. Be3 Bg4 7. Be2 Nc6 8. d5 Bxc3+ 9. bxc3 Bxf3 10. Bxf3 Ne5 11. Qb3 O-O-O 12. Be2 f5 13. exf5 gxf5 14. f4 Nd7 15. Bd3 Rf8 16. Kd2 b6 17. Qb5 Qxb5 18. cxb5 Kc7 19. a4 Ngf6 20. c4 Ne4+ 21. Bxe4 fxe4 22. g4 Rhg8 23. h3 h5 24. Rhg1 hxg4 25. hxg4 Nf6 26. g5 Nh5 27. Rg4 Rf5 28. Rh4 Ng7 29. Rah1 Rff8 30. Rh7 Nf5 31. Rg1 Rg6 32. Ke2 Kd7 33. Bc1 Ke8 34. Bb2 Rf7 35. Rh8+ Rf8 36. Rxf8+ Kxf8 37. Kf2 e6 38. Bf6 exd5 39. cxd5 Kf7 40. Re1 e3+ 41. Kf3 Rg8 42. Rh1 Re8 43. Rh7+ Kg6 44. Rh2 c4 45. Rc2 Nh4+ 46. Ke2 Nf5 47. Rxc4 Ng3+ 48. Ke1 e2 49. Rc2 Re3 50. Rc3 Rxc3 51. Bxc3 Kf5 52. Bd4 Kxf4 53. g6 Nf5 54. g7 Nh6 55. Bb2 Ke4 56. Kxe2 Kxd5 57. Kd3 Ke6 58. Kd4 Nf5+ 59. Kc4 Nh6 60. Kb4 Kd5 61. a5 bxa5+ 62. Kxa5 Kc4 63. Ka6 d5 64. Bc1 d4 65. Bxh6 1-0


[Site "https://www.chess.com"]